 Dungeon Crawl Stone Soup version 0.20.0 (webtiles) character file.

520 BarneyGumball the Cudgeler (level 7, -4/41 HPs)
             Began as a Gargoyle Fighter on May 30, 2017.
             Was an Initiate of the Shining One.
             Slain by Duvessa
             ... wielding a +0 rapier
              (12 damage)
             ... on level 5 of the Dungeon.
             The game lasted 00:13:12 (3491 turns).

BarneyGumball the Cudgeler (Gargoyle Fighter)       Turns: 3491, Time: 00:13:12

Health: -4/41      AC: 13    Str: 25    XL:     7   Next: 21%
Magic:  7/7        EV:  7    Int:  9    God:    the Shining One [......]
Gold:   125        SH: 10    Dex: 10    Spells: 6/6 levels left

rFire    . . .     SeeInvis .   a - +0 flail
rCold    . . .     Gourm    .   c - +0 shield
rNeg     + . .     Faith    .   b - +0 scale mail
rPois    ∞         Spirit   .   (no helmet)
rElec    +         Reflect  .   (no cloak)
rCorr    .         Harm     .   (no gloves)
MR       .....                  A - +0 pair of boots
Stlth    ..........             v - amulet of magic regeneration
Regen    0.2/turn               s - +1 ring of protection
MPRegen  0.2/turn               B - ring of loudness (curse)

@: mighty, glowing
A: negative energy resistance 1, electricity resistance, unbreathing,
petrification resistance, rot immunity, AC +4
a: Renounce Religion


You were on level 5 of the Dungeon.
You worshipped the Shining One.
The Shining One was noncommittal.
You were hungry.

You visited 2 branches of the dungeon, and saw 6 of its levels.

You collected 125 gold pieces.

Inventory:

Hand Weapons
 a - a +0 flail (weapon)
Armour
 b - a +0 scale mail (worn)
 c - a +0 shield (worn)
 A - a +0 pair of boots (worn)
Jewellery
 s - a +1 ring of protection (left hand)
 v - an amulet of magic regeneration (around neck)
 B - a cursed ring of loudness (right hand)
 C - an uncursed ring of ice {unknown}
 D - a cursed amulet of guardian spirit {unknown}
 E - an uncursed ring of ice {unknown}
Wands
 G - a wand of flame (18/48)
Scrolls
 h - a scroll of noise {unknown}
 i - a scroll of remove curse {unknown}
 k - a scroll of magic mapping {unknown}
 m - 8 scrolls of identify {unknown}
 n - a scroll of enchant armour {unknown}
 o - 4 scrolls of teleportation {unknown}
 p - 3 scrolls of amnesia {unknown}
 q - a scroll of blinking {unknown}
 t - a scroll of enchant weapon {unknown}
 x - a scroll of fog {unknown}
Potions
 e - 6 potions of heal wounds {unknown}
 j - a potion of magic {unknown}
 l - 7 potions of curing {unknown}
 r - 2 potions of lignification {unknown}
 z - 3 potions of degeneration {unknown}
 F - a potion of agility {unknown}
Books
 y - a book of Cantrips

   Spells                             Type                      Level
   a - Confusing Touch                Hexes                        1
   b - Animate Skeleton               Necromancy                   1
   c - Summon Small Mammal            Summoning                    1
   d - Apportation                    Translocation                1
Comestibles
 f - 4 bread rations
 g - 4 meat rations
 u - 5 fruits
 w - 2 royal jellies


   Skills:
 - Level 3.2 Fighting
 * Level 7.0 Maces & Flails
 - Level 3.2 Armour
 + Level 0.2 Stealth
 + Level 4.6 Shields


You had 6 spell levels left.
You didn't know any spells.

Dungeon Overview and Level Annotations

Branches:
Dungeon (5/15)             Temple (1/1) D:4

Altars:
Ashenzari
Cheibriados
Fedhas
Qazlal
Uskayaw
Zin
The Shining One

Shops:
D:4 [

Annotations:
D:5 Duvessa


Innate Abilities, Weirdness & Mutations

You are resistant to torment.
Your stone body is resilient. (AC +4)
You are immune to poison.
You resist negative energy. (rN+)
You are resistant to electric shocks. (rElec)
You can survive without breathing.
You are immune to petrification.
You are immune to rotting.


Message History

You sock Dowan!
You kill Dowan!
Duvessa weeps, then rights herself and shakes her weapon.
Duvessa goes berserk!
Your Maces & Flails skill increases to level 7!
You block Duvessa's attack. Duvessa hits you but does no damage.
You sock Duvessa!
Duvessa is severely wounded.
Duvessa hits you but does no damage.
You hit Duvessa.
Duvessa is severely wounded.
Duvessa barely misses you. You block Duvessa's attack.
You sock Duvessa!
Duvessa is almost dead.
Duvessa hits you with a rapier.
* * * LOW HITPOINT WARNING * * *
You hit Duvessa but do no damage.
Duvessa is almost dead.
Duvessa hits you with a rapier!
You die...

.........#. ...........
########### # # # #
#.############## #
#.##............
#.###.##.#.#.###########
#.....e@###..#
#####.##)#.### .. ##.##
## #.....# #####.... ##


You could see Duvessa (berserk).

Vanquished Creatures
  Dowan (D:5)
  A jelly (D:4)
  A hound (D:5)
  Natasha (thrice) (D:4)
  Terence (D:2)
  4 worker ants
  3 gnolls (D:2)
  7 adders
  2 worms
  4 dart slugs
  3 leopard geckos
  7 orcs (D:3)
  12 bats
  6 giant cockroaches
  10 hobgoblins
  12 jackals
  3 ball pythons
  4 frilled lizards
  10 goblins
  9 kobolds
  4 rats
107 creatures vanquished.

Notes
Turn   | Place    | Note
-------+----------+-------------------------------------------
     0 | D:1      | BarneyGumball the Gargoyle Fighter began the quest for the Orb.
     0 | D:1      | Reached XP level 1. HP: 14/14 MP: 1/1
   397 | D:1      | Reached XP level 2. HP: 18/19 MP: 2/2
   506 | D:1      | Reached skill level 3 in Maces & Flails
   896 | D:1      | Reached XP level 3. HP: 23/23 MP: 3/3
  1155 | D:2      | Noticed Terence
  1193 | D:2      | Killed Terence
  1193 | D:2      | Reached skill level 4 in Maces & Flails
  1193 | D:2      | Reached XP level 4. HP: 25/28 MP: 4/4
  1385 | D:2      | Found a faded altar of an unknown god.
  1559 | D:2      | Reached XP level 5. HP: 32/32 MP: 5/5
  1632 | D:2      | Reached skill level 5 in Maces & Flails
  2566 | D:4      | Found a staircase to the Ecumenical Temple.
  2571 | Temple   | Entered the Ecumenical Temple
  2604 | Temple   | Became a worshipper of the Shining One
  2713 | D:4      | Reached XP level 6. HP: 37/37 MP: 6/6
  2834 | D:4      | Found Fonkecog's Armour Shoppe.
  2843 | D:4      | Noticed Natasha
  2858 | D:4      | Killed Natasha
  2969 | D:4      | Reached skill level 6 in Maces & Flails
  3298 | D:4      | Noticed Natasha
  3306 | D:4      | Killed Natasha
  3357 | D:4      | Noticed Natasha
  3363 | D:4      | Killed Natasha
  3405 | D:5      | Entered Level 5 of the Dungeon
  3414 | D:5      | Reached XP level 7. HP: 38/41 MP: 7/7
  3472 | D:5      | Noticed Dowan
  3474 | D:5      | Noticed Duvessa
  3487 | D:5      | Killed Dowan
  3487 | D:5      | Reached skill level 7 in Maces & Flails
  3491 | D:5      | Slain by Duvessa

Skill      XL: |  1  2  3  4  5  6  7 |
---------------+----------------------+-----
Maces & Flails | 3 4 5 6 7 |  7.0
Shields        | 4 |  4.6
Fighting       | |  3.2
Armour         | |  3.2
Stealth        | |  0.2

Action                   |  1- 3 |  4- 6 |  7- 9 || total
-------------------------+-------+-------+-------++-------
Melee: Flail             |   130 |   361 |    26 ||   517
  Use: Potion            |       |       |     1 ||     1
  Eat: Chunk             |     1 |     7 |       ||     8
       Fruit             |       |     1 |       ||     1
Armor: Scale mail        |    66 |   221 |     8 ||   295
Dodge: Dodged            |    39 |   100 |     6 ||   145
Block: Shield            |    60 |   197 |    13 ||   270
